 Dungeon Crawl Stone Soup version 0.23.2-40-g277498a001 (webtiles) character file.

Game seed: 7003823113277237870

5659 MalarOregon the Geomancer (level 10, 0/50 HPs)
             Began as a Gargoyle Earth Elementalist on Aug 30, 2019.
             Was an Initiate of Qazlal.
             Slain by a crocodile (11 damage)
             ... on level 8 of the Dungeon.
             The game lasted 00:18:21 (8196 turns).

MalarOregon the Geomancer (GrEE)                    Turns: 8196, Time: 00:18:21

Health: 0/50       AC: 23    Str: 13    XL:     10   Next: 75%
Magic:  5/31       EV: 11    Int: 18    God:    Qazlal [......]
Gold:   208        SH:  0    Dex: 10    Spells: 10/25 levels left

rFire    + . .     SeeInvis .   y - +6 dagger (protect)
rCold    . . .     Gourm    .   (no shield)
rNeg     + . .     Faith    .   m - +3 leather armour {rF+}
rPois    ∞         Spirit   .   d - +1 helmet
rElec    +         Reflect  .   (no cloak)
rCorr    .         Harm     .   L - +2 pair of gloves
MR       .....                  F - +0 pair of boots
Stlth    ++........             (no amulet)
HPRegen  0.16/turn              u - +4 ring of protection
MPRegen  0.22/turn              N - ring of magical power

@: no status effects
A: negative energy resistance 1, electricity resistance, unbreathing,
petrification resistance, rot immunity, AC +7
a: Renounce Religion


You were on level 8 of the Dungeon.
You worshipped Qazlal.
Qazlal was noncommittal.
You were not hungry.

You visited 2 branches of the dungeon, and saw 9 of its levels.

You collected 388 gold pieces.
You spent 180 gold pieces at shops.

Inventory:

Hand Weapons
 a - a +0 whip of venom
   (You took it off a gnoll on level 3 of the Dungeon)
 y - a +6 dagger of protection (weapon)
   (You took it off Dowan on level 4 of the Dungeon)
Missiles
 b - 269 stones (quivered)
 M - a throwing net {!f}
Armour
 d - a +1 helmet (worn)
   (You found it on level 1 of the Dungeon)
 m - a +3 leather armour of fire resistance (worn)
   (You took it off Ijyb on level 3 of the Dungeon)
 C - a +1 shield of protection
   (You found it on level 4 of the Dungeon)
 F - a +0 pair of boots (worn)
   (You found it on level 5 of the Dungeon)
 L - a +2 pair of gloves (worn)
   (You found it on level 6 of the Dungeon)
Magical Staves
 K - an uncursed staff of summoning
   (You found it on level 6 of the Dungeon)
Jewellery
 n - an uncursed ring of protection from magic {unknown}
   (You found it on level 4 of the Dungeon)
 u - a +4 ring of protection (left hand)
   (You took it off an orc on level 4 of the Dungeon)
 A - a cursed amulet of inaccuracy {unknown}
   (You found it on level 4 of the Dungeon)
 N - a ring of magical power (right hand)
   (You took it off Duvessa on level 4 of the Dungeon)
Wands
 t - a wand of flame (24)
   (You took it off Duvessa on level 4 of the Dungeon)
 x - a wand of acid (10)
   (You found it on level 6 of the Dungeon)
Scrolls
 g - 2 scrolls of magic mapping
 h - a scroll of fear {unknown}
 i - 3 scrolls of remove curse {unknown}
 j - 2 scrolls of enchant armour
 k - 2 scrolls of noise {!r}
 o - a scroll of teleportation {unknown}
 r - a scroll of identify {unknown}
 s - a scroll of fog {unknown}
 w - 2 scrolls of amnesia
 B - a scroll of immolation {unknown}
 E - a scroll of enchant weapon {unknown}
 H - a scroll of random uselessness {unknown}
Potions
 c - a potion of heal wounds {unknown}
 f - 4 potions of curing {@q1}
 p - a potion of haste {unknown}
 q - a potion of cancellation {unknown}
 v - 2 potions of lignification {!q}
 z - 2 potions of flight
 D - 3 potions of brilliance {unknown}
 G - a potion of magic {unknown}
 I - 2 potions of mutation {unknown}
 J - 3 potions of might {unknown}
 O - a potion of berserk rage {unknown}
Comestibles
 e - 12 rations {!d}


   Skills:
 - Level 2.0 Dodging
 - Level 2.1 Stealth
 + Level 6.8 Shields
 + Level 8.1 Spellcasting
 + Level 8.5 Conjurations
 - Level 1.0 Transmutations
 + Level 10.6 Earth Magic


You had 10 spell levels left.
You knew the following spells:

 Your Spells              Type           Power        Failure   Level  Hunger
a - Sandblast             Erth           #####.       1%          1    None
b - Petrify               Tmut/Erth      ####....     11%         4    ###....
c - Lee's Rapid Deconstr  Erth           #####.....   4%          5    #####..
q - Passwall              Tmut/Erth      ####....     1%          2    None
x - Stone Arrow           Conj/Erth      #####.       1%          3    #......

Your spell library contained the following spells:

 Spells                   Type           Power        Failure   Level  Hunger


Dungeon Overview and Level Annotations

Branches:
Dungeon (8/15)             Temple (1/1) D:7            Lair (0/6) D:8

Altars:
Ashenzari
Cheibriados
Dithmenos
Elyvilon
Fedhas
Gozag
Hepliaklqana
Kikubaaqudgha
Nemelex Xobeh
Okawaru
Qazlal
Ru
Sif Muna
Trog
Wu Jian
Xom
Yredelemnul
Zin
The Shining One

Shops:
D:5 ?=!*?

Annotations:
D:4 1 runed translucent door, Crazy Yiuf


Innate Abilities, Weirdness & Mutations

You are resistant to torment.
Your stone body is resilient. (AC +7)
You are immune to poison.
You resist negative energy. (rN+)
You are resistant to electric shocks. (rElec)
You can survive without breathing.
You are immune to petrification.
You are immune to rotting.


Message History

You are unaffected.
The crocodile bites you but does no damage.
You hit the crocodile but do no damage. The basilisk completely misses you.
The crocodile bites you!
* * * LOW HITPOINT WARNING * * *
You closely miss the basilisk. The basilisk bites you.
* * * LOW HITPOINT WARNING * * *
The crocodile closely misses you.
You hit the basilisk. The basilisk barely misses you.
The crocodile bites you but does no damage.
You hit the basilisk.
The basilisk bites you but does no damage.
The crocodile bites you but does no damage.
You barely miss the basilisk.
The basilisk bites you but does no damage.
The crocodile misses you.
You closely miss the basilisk. The basilisk bites you.
* * * LOW HITPOINT WARNING * * *
The crocodile bites you but does no damage.
You closely miss the basilisk. The basilisk gazes at you.
You resist with some effort. The crocodile closely misses you.
You hit the basilisk. The basilisk closely misses you.
The crocodile barely misses you.
You barely miss the basilisk. The basilisk bites you!
* * * LOW HITPOINT WARNING * * *
The crocodile completely misses you.
Okay, then.
Okay, then.
As you read the scroll labeled DANTEEDD LUOCO, it crumbles to dust.
It is a scroll of amnesia.
Okay, then.
The basilisk gazes at you.
You are unaffected.
The crocodile bites you but does no damage.
As you read the scroll labeled IHARO IGOOV, it crumbles to dust.
You feel aware of your surroundings.
It was a scroll of magic mapping.
The basilisk bites you but does no damage.
The crocodile closely misses you.
As you read the scroll labeled XESUECUY IJUAR, it crumbles to dust.
You hear a loud clanging noise!
It was a scroll of noise.
The crocodile bites you but does no damage.
The basilisk misses you.
As you read the scroll labeled NURASKI TAAPU, it crumbles to dust.
It is a scroll of enchant armour.
Your +0 helmet glows green for a moment.
The basilisk bites you but does no damage.
The crocodile bites you!
You die...

......†..#.#.#,,,*,,,,*,,,,,,***,
########.#.#.#****,,*,,,,,,,,,,*,
,..........#.# *,,*,,,,,,,,,,,,
*#######.###.###**,,,,,♣.,,,,,,,*
#.# #.#..,,,,,,...,,,*,,,, #.#
#.#.#,*,,,..P.,,*,,,,, #.#
#.#.#,,,,....P,,,,,*,, #.#
#.#r####..P..♣,>,,,,,, #.#
#..Yt@l((....P,,,,,,,,
#.#####†####...P..,,*,,,,,
#.#...#...,,,P...P,,,,,,,,
#.#.#.#####**,..♣.,,,,,,,,
#.#.....<.# **,...,,,,,*,*
#.#.#####.# **,..,,,,,,,, #.#.#
#.# *,*.,,,,**** #.#.# #.#
*,,,,,,,**** #.#.# #.#
***,,,,,,,,,


You could see a yak, a basilisk, a crocodile and a porcupine.

Vanquished Creatures
  Harold (D:6)
  A two-headed ogre (D:7)
  Grinder (D:3)
  Prince Ribbit (D:5)
  3 yaks (D:8)
  2 water moccasins
  A sky beast (D:6)
  Duvessa (D:4)
  3 porcupines (D:8)
  4 orc warriors
  2 ice beasts
  A necrophage (D:6)
  An ogre (D:5)
  A phantom (D:4)
  A centaur (D:5)
  2 crocodiles (D:8)
  2 bullfrogs (D:7)
  A gnoll sergeant (D:7)
  Dowan (D:4)
  3 scorpions
  5 killer bees (D:7)
  A howler monkey (D:5)
  3 wights (D:7)
  A crimson imp (D:6)
  4 orc priests
  A jelly (D:6)
  6 orc wizards
  Ijyb (D:3)
  3 bullfrog skeletons
  4 centaur skeletons
  7 iguanas
  3 worker ants
  A hound skeleton (D:6)
  5 gnolls
  A howler monkey skeleton (D:5)
  5 adders
  3 shadow imps
  An adder zombie (D:7)
  An adder skeleton (D:7)
  A worm (D:5)
  2 dart slugs
  6 leopard geckos
  14 orcs
  4 bats
  5 giant cockroaches
  3 goblins
  7 hobgoblins
  A jackal (D:1)
  2 quokkas
  4 ball pythons
  4 frilled lizards
  4 kobolds
  8 rats
154 creatures vanquished.

Vanquished Creatures (others)
  2 fungi (D:8)
  A plant (D:8)
3 creatures vanquished.

Grand Total: 157 creatures vanquished

Notes
Turn   | Place    | Note
-------+----------+-------------------------------------------
     0 | D:1      | MalarOregon the Gargoyle Earth Elementalist began the quest
                  | for the Orb.
     0 | D:1      | Reached XP level 1. HP: 10/10 MP: 3/3
   328 | D:1      | Reached XP level 2. HP: 13/15 MP: 5/5
   371 | D:1      | Reached skill level 4 in Earth Magic
   865 | D:1      | Reached XP level 3. HP: 18/19 MP: 6/6
  1330 | D:2      | Found a hazy altar of Hepliaklqana.
  1993 | D:3      | Reached skill level 5 in Earth Magic
  1993 | D:3      | Reached XP level 4. HP: 24/24 MP: 5/8
  2005 | D:3      | Noticed Ijyb
  2220 | D:3      | Killed Ijyb
  2331 | D:3      | Noticed an ice beast
  2382 | D:2      | Learned a level 2 spell: Passwall
  2386 | D:2      | Learned a level 3 spell: Stone Arrow
  2391 | D:2      | Learned a level 4 spell: Petrify
  2411 | D:3      | Reached XP level 5. HP: 28/28 MP: 8/10
  2524 | D:3      | Noticed Grinder
  2528 | D:3      | Paralysed by Grinder for 2 turns
  2538 | D:3      | Paralysed by Grinder for 7 turns
  2547 | D:3      | HP: 1/28 [Grinder (4)]
  2558 | D:3      | Killed Grinder
  2558 | D:3      | Reached skill level 6 in Earth Magic
  2558 | D:3      | Reached XP level 6. HP: 4/32 MP: 0/12
  2700 | D:3      | Killed an ice beast
  3385 | D:4      | Noticed Duvessa
  3385 | D:4      | Noticed Dowan
  3386 | D:4      | Noticed an orc warrior
  3621 | D:4      | Found a runed translucent door.
  3648 | D:4      | Reached XP level 7. HP: 36/36 MP: 6/13
  3856 | D:4      | Killed Duvessa
  4121 | D:4      | Killed Dowan
  4220 | D:4      | Reached skill level 7 in Earth Magic
  4225 | D:4      | Reached skill level 5 in Spellcasting
  4373 | D:4      | Reached XP level 8. HP: 41/41 MP: 11/16
  4577 | D:4      | Noticed Crazy Yiuf
  4639 | D:5      | Entered Level 5 of the Dungeon
  4652 | D:5      | Found Bypn's Distillery.
  4663 | D:5      | Bought a potion of flight for 36 gold pieces
  4663 | D:5      | Bought a potion of curing for 36 gold pieces
  4663 | D:5      | Bought a potion of lignification for 36 gold pieces
  4663 | D:5      | Bought a potion of lignification for 36 gold pieces
  4663 | D:5      | Bought a potion of curing for 36 gold pieces
  4692 | D:5      | Reached skill level 1 in Shields
  4833 | D:5      | Learned a level 5 spell: Lee's Rapid Deconstruction
  4888 | D:5      | Reached skill level 5 in Conjurations
  4915 | D:5      | Reached skill level 1 in Transmutations
  4938 | D:5      | Found Wiarhos's Jewellery Shoppe.
  4944 | D:5      | Found Tausm's General Store.
  5088 | D:5      | Found Puoheacw's Magic Scroll Shop.
  5262 | D:5      | Reached skill level 8 in Earth Magic
  5313 | D:5      | Found a shimmering altar of Xom.
  5352 | D:5      | Noticed Prince Ribbit
  5595 | D:5      | Killed Prince Ribbit
  5614 | D:5      | Found Coido's Magic Scroll Emporium.
  5786 | D:6      | Reached XP level 9. HP: 45/45 MP: 18/18
  5988 | D:6      | Found an ornate altar of the Wu Jian Council.
  6079 | D:6      | Found a basalt altar of Yredelemnul.
  6079 | D:6      | Found a bloodstained altar of Trog.
  6084 | D:6      | Found an ancient bone altar of Kikubaaqudgha.
  6091 | D:6      | Found a faded altar of an unknown god.
  6093 | D:6      | Found a shattered altar of Ashenzari.
  6478 | D:6      | Found a shadowy altar of Dithmenos.
  6485 | D:6      | Found a shimmering altar of Xom.
  6485 | D:6      | Found a snail-covered altar of Cheibriados.
  6487 | D:6      | Found a white marble altar of Elyvilon.
  6487 | D:6      | Found a blossoming altar of Fedhas.
  6487 | D:6      | Found a blossoming altar of Fedhas.
  6596 | D:6      | Found a snail-covered altar of Cheibriados.
  6678 | D:6      | Found a deep blue altar of Sif Muna.
  6825 | D:6      | Reached skill level 9 in Earth Magic
  6877 | D:7      | Noticed Harold
  6877 | D:7      | Noticed a two-headed ogre
  6888 | D:6      | Killed Harold
  6888 | D:6      | Reached skill level 5 in Shields
  7100 | D:7      | Killed a two-headed ogre
  7100 | D:7      | Reached skill level 10 in Earth Magic
  7100 | D:7      | Reached XP level 10. HP: 45/50 MP: 16/21
  7462 | D:7      | Found a staircase to the Ecumenical Temple.
  7931 | Temple   | Entered the Ecumenical Temple
  7991 | Temple   | Became a worshipper of Qazlal Stormbringer
  8196 | D:8      | Slain by a crocodile

Skill      XL: |  1  2  3  4  5  6  7  8  9 10 |
---------------+-------------------------------+-----
Earth Magic    | 4 5 6 7 8 10 | 10.6
Spellcasting   | 3 4 5 6 7 8 |  8.1
Conjurations   | 2 3 4 5 7 8 |  8.5
Shields        | 3 5 6 |  6.8
Transmutations | 1 |  1.0
Dodging        | 2 |  2.0
Stealth        | |  2.1

Action                   |  1- 3 |  4- 6 |  7- 9 | 10-12 || total
-------------------------+-------+-------+-------+-------++-------
Melee: Unarmed           |   132 |    59 |       |       ||   191
       Dagger            |       |    33 |   215 |    68 ||   316
       Whip              |       |       |    26 |       ||    26
Throw: Javelin           |    55 |    17 |     3 |     5 ||    80
       Stone             |     2 |       |       |       ||     2
 Cast: Sandblast         |     4 |    35 |    28 |     1 ||    68
       Stone Arrow       |       |     7 |    56 |    25 ||    88
       Lee's Rapid Decon |       |       |       |    11 ||    11
  Use: Potion            |       |     1 |       |       ||     1
       Scroll            |       |       |       |     4 ||     4
 Stab: Sleeping          |     2 |       |     2 |       ||     4
  Eat: Chunk             |     4 |     4 |    13 |     2 ||    23
       Ration            |       |       |     1 |     1 ||     2
Armor: Robe              |    42 |    37 |       |       ||    79
       Leather armour    |       |    15 |   150 |    38 ||   203
       Skin              |       |     3 |       |       ||     3
Dodge: Dodged            |    96 |    59 |   155 |    39 ||   349
